 Dungeon Crawl Stone Soup version 0.30.1-11-g7821555f0a (webtiles) character file.

Game seed: 13651487384180573136

1860 Jerry the Cudgeller (level 8, -3/80 HPs)
             Began as a Troll Gladiator on Dec 9, 2023.
             Was a Follower of Uskayaw.
             Slain by a gnoll
             ... wielding a +0 flail
             ... led by a gnoll bouda
              (13 damage)
             ... on level 7 of the Dungeon.
             The game lasted 00:15:56 (5069 turns).

Jerry the Cudgeller (Troll Gladiator)               Turns: 5069, Time: 00:15:57

Health: -3/80      AC:  4    Str: 25    XL:     8   Next: 89%
Magic:  10/10      EV: 11    Int:  4    God:    Uskayaw [*.....]
Gold:   270        SH:  0    Dex: 11    Spells: 7/7 levels left

rFire   + . .        r - +2 whip (vamp)
rCold   x . .        (no shield)
rNeg    . . .        b - +0 robe
rPois   .            c - +0 hat
rElec   .            (no cloak)
rCorr   .            (gloves unavailable)
SInv    .            (boots unavailable)
Will    .....        (no amulet)
Stlth   +            t - ring of fire
HPRegen 1.13/turn    (no ring)
MPRegen 0.12/turn

%: no passive effects
@: no status effects
A: large, unfitting armour, claws 3, regeneration 1, shaggy fur 1, tough skin 1
a: Renounce Religion, Stomp


You were on level 7 of the Dungeon.
You worshipped Uskayaw.
Uskayaw was noncommittal.
You visited 2 branches of the dungeon, and saw 8 of its levels.

You collected 270 gold pieces.

Inventory:

Hand Weapons
 a - a +1 flail of freezing
 r - a +2 vampiric whip (weapon)
Missiles
 e - a large rock (quivered)
 w - a throwing net
Armour
 b - a +0 robe (worn)
 c - a +0 hat (worn)
Jewellery
 t - a ring of fire (left claw)
 x - a ring of resist corrosion
 A - an amulet of magic regeneration
Wands
 B - a wand of flame (29)
Scrolls
 i - 2 scrolls of vulnerability {unknown}
 j - 2 scrolls of fog {unknown}
 m - 6 scrolls of identify
 n - a scroll of magic mapping
 p - a scroll of butterflies {unknown}
 q - 2 scrolls of enchant armour {unknown}
 u - a scroll of teleportation {unknown}
 y - a scroll of poison {unknown}
 C - a scroll of enchant weapon
Potions
 d - a potion of mutation {unknown}
 f - a potion of brilliance
 g - a potion of haste
 h - 2 potions of attraction {unknown}
 k - 3 potions of curing
 l - a potion of degeneration {unknown}
 o - a potion of might {unknown}
 s - a potion of berserk rage {unknown}
 v - a potion of heal wounds {unknown}
 z - a potion of cancellation {unknown}
 D - a potion of invisibility {unknown}


   Skills:
 + Level 5.0 Fighting
 + Level 5.9 Maces & Flails
 - Level 3.4 Throwing
 + Level 5.3 Dodging
 + Level 4.1 Invocations


You had 7 spell levels left.
You didn't know any spells.
Your spell library contained the following spells:

 Spells                   Type           Power      Damage    Failure   Level
 Cigotuvi's Dreadful Rot  Necr/Pois/Air  0%         N/A       65%         2
 Inner Flame              Hex/Fire       0%         N/A       86%         3
 Dispel Undead            Necr           0%         3d6       99%         4
 Yara's Violent Unravell  Hex/Tmut       0%         3d3       100%        5
 Death Channel            Necr           0%         N/A       100%        6
 Enfeeble                 Hex            0%         N/A       100%        7


Dungeon Overview and Level Annotations

Branches:
Dungeon (7/15)             Temple (1/1) D:5

Altars:
Ashenzari
Cheibriados
Dithmenos
Elyvilon
Gozag
Makhleb
Nemelex Xobeh
Trog
Uskayaw
Vehumet
Wu Jian
Xom
Yredelemnul
Zin
The Shining One

Annotations:
D:6 3 runed translucent doors, ripuliukko's ghost, novice GrEE


Innate Abilities, Weirdness & Mutations

You are too large for most types of armour.
You have claws for hands.
Your natural rate of healing is unusually fast.
You are covered in fur. (AC +1)
You have tough skin. (AC +1)


Message History

The gnoll completely misses you.
You struggle against the net.
The gnoll hits you with a +0 whip. The gnoll hits you with a +0 flail!
You struggle against the net.
The gnoll hits you with a +0 whip. The gnoll hits you with a +0 flail!
The gnoll hits you with a +0 flail.
You rip the net and break free!
The gnoll barely misses you. The gnoll closely misses you.
The gnoll hits you with a +0 flail. The gnoll attacks as you move away!
The gnoll barely misses you. The gnoll attacks as you move away!
The gnoll hits you with a +0 flail. The gnoll closely misses you.
The gnoll attacks as you move away! The gnoll hits you with a +0 whip.
The gnoll barely misses you.
You whack the gnoll!
The gnoll is heavily wounded.
The gnoll hits you with a +0 whip! The gnoll barely misses you.
The gnoll hits you with a +0 flail!
You hit the gnoll but do no damage.
The gnoll is heavily wounded.
The gnoll is no longer moving quickly.
The gnoll hits you with a +0 flail!
* * * LOW HITPOINT WARNING * * *
The gnoll bouda barks out a call to the hunt!
The gnoll picks up the pace!
The gnoll hits you with a +0 whip.
* * * LOW HITPOINT WARNING * * *
The gnoll closely misses you.
You closely miss the gnoll.
The gnoll is heavily wounded.
The gnoll closely misses you. The gnoll completely misses you.
The gnoll misses you.
You closely miss the gnoll.
The gnoll is heavily wounded.
The gnoll is no longer moving quickly. x2; The gnoll closely misses you.
The gnoll hits you but does no damage. The gnoll closely misses you.
You hit the gnoll.
The gnoll is almost dead.
The gnoll hits you with a +0 flail!
* * * LOW HITPOINT WARNING * * *
The gnoll hits you with a +0 flail!
You die...

############# #...........#
###### ###### #...........#
#. ..# ......##..g@.......#
#. #.#
.......#.gggg......####.##.#
.......#....................
.......#.....###########.###
.............# #.#..
##.####.......# #.#..
......#..# ######.#..
>........... .....oo....
#..#..#.##.##########.#.#


You could see a gnoll bouda and 4 gnolls.

Vanquished Creatures
  Grinder (D:5)
  2 water moccasins
  An ice beast (D:5)
  A black bear (D:5)
  2 ogres
  2 phantoms
  6 scorpions
  An orc priest (D:6)
  2 jellies
  5 hounds
  A sleepcap (D:6)
  An iguana (D:6)
  3 orc wizards
  Robin (D:3)
  3 gnolls (D:4)
  6 adders
  A shadow imp (D:6)
  2 worms
  2 dart slugs
  16 orcs
  7 bats
  7 endoplasms
  6 giant cockroaches
  16 goblins
  9 hobgoblins
  2 quokkas
  4 ball pythons
  A frilled lizard (D:1)
  5 kobolds
  10 rats
126 creatures vanquished.

Notes
Turn   | Place    | Note
-------+----------+-------------------------------------------
     0 | D:1      | Jerry the Troll Gladiator began the quest for the Orb.
     0 | D:1      | Reached XP level 1. HP: 19/19 MP: 0/0
   162 | D:1      | Found a faded altar of an unknown god.
   413 | D:1      | Reached XP level 2. HP: 28/28 MP: 1/1
  1235 | D:2      | Reached XP level 3. HP: 26/35 MP: 2/2
  1584 | D:3      | Found an ornate altar of the Wu Jian Council.
  1698 | D:3      | Found a white marble altar of Elyvilon.
  1723 | D:3      | Reached XP level 4. HP: 38/42 MP: 3/3
  1838 | D:3      | Noticed Robin
  1853 | D:3      | Killed Robin
  1941 | D:3      | Found a radiant altar of Vehumet.
  2372 | D:4      | Noticed an ogre
  2383 | D:4      | Killed an ogre
  2384 | D:4      | Reached XP level 5. HP: 36/50 MP: 4/4
  2440 | D:4      | Reached XP level 6. HP: 32/59 MP: 5/5
  2474 | D:4      | Found a glowing golden altar of the Shining One.
  2600 | D:4      | Found a sparkling altar of Nemelex Xobeh.
  2632 | D:4      | Found a snail-covered altar of Cheibriados.
  2886 | D:5      | Entered Level 5 of the Dungeon
  2887 | D:5      | Found a hide-covered altar of Uskayaw.
  2966 | D:5      | Became a worshipper of Uskayaw the Reveller
  2986 | D:5      | Noticed an ice beast
  3003 | D:5      | Reached * piety under Uskayaw
  3009 | D:5      | HP: 3/61 [ice beast (10)]
  3015 | D:5      | HP: 1/61 [ice beast (10)]
  3018 | D:5      | Reached ** piety under Uskayaw
  3025 | D:5      | Killed an ice beast
  3025 | D:5      | Reached *** piety under Uskayaw
  3119 | D:5      | Reached skill level 1 in Invocations
  3126 | D:5      | Reached XP level 7. HP: 41/67 MP: 5/7
  3154 | D:5      | Found a burning altar of Makhleb.
  3154 | D:5      | Noticed an Executioner
  3214 | D:5      | Found a shimmering altar of Xom.
  3320 | D:5      | Noticed Grinder
  3345 | D:5      | Killed Grinder
  3496 | D:5      | Reached XP level 8. HP: 55/78 MP: 7/9
  3549 | D:5      | Reached skill level 5 in Maces & Flails
  3585 | D:5      | Found a staircase to the Ecumenical Temple.
  3605 | Temple   | Entered the Ecumenical Temple
  4091 | D:6      | Found a runed translucent gate.
  4091 | D:6      | Found a runed translucent gate.
  4093 | D:6      | Found a runed translucent gate.
  4093 | D:6      | Noticed ripuliukko's ghost (novice GrEE)
  4222 | D:6      | Reached skill level 5 in Dodging
  4926 | D:7      | Reached skill level 5 in Fighting
  4973 | D:7      | Noticed a kobold demonologist
  5008 | D:7      | Noticed an orange demon
  5069 | D:7      | Slain by a gnoll

Illustrated notes

Levels and vault maps discovered:
D:1:      dpeg_arrival_boxorama, layout_basic,
          shapermc_ecumenical_altar_pompeii, chequers_garden,
          minmay_tetromino_i4
D:2:      layout_rooms
D:3:      layout_basic, mainiacjoe_overflow_tiny_flanked,
          mainiacjoe_overflow_catwalk, lemuel_crystal_altar, uniq_robin
D:4:      layout_basic, grunt_temple_overflow_open, nicolae_tso_carved_into_rock
D:5:      layout_loops_ring, makhleb_altar_promises_db,
          nicolae_uskayaw_dance_hall, xom_butterflies,
          minmay_temple_entry_water_ring, uniq_grinder
D:6:      layout_basic, gammafunk_ghost_nasty_kobolds, minmay_misc_feat_cross
D:7:      layout_basic, jmf_multi_god_temple
Temple:   nicolae_temple_superstar

Skill      XL: |  1  2  3  4  5  6  7  8 |
---------------+-------------------------+-----
Throwing       | 2 3 |  3.4
Fighting       | 2 3 4 5 |  5.0
Maces & Flails | 3 4 5 |  5.9
Dodging        | 3 4 5 |  5.3
Invocations    | 1 2 4 |  4.1

Action                     |  1- 3 |  4- 6 |  7- 9 || total
---------------------------+-------+-------+-------++-------
  Melee: Flail             |   160 |    54 |       ||   214
         Punch             |     1 |     1 |     4 ||     6
         Whip              |       |   123 |   255 ||   378
  Throw: Throwing net      |       |     4 |     1 ||     5
    Use: Scroll            |     6 |       |       ||     6
         Potion            |       |       |     1 ||     1
   Stab: Held in net/web   |       |     3 |       ||     3
         Paralysed         |       |     1 |     4 ||     5
 Armour: Robe              |    94 |    42 |    59 ||   195
  Dodge: Dodged            |   107 |    94 |   130 ||   331
